 Dungeon Crawl Stone Soup version 0.26.1-2-gb8aa6d0cf2 (webtiles) character file.

Game seed: 9956827154538794508

25 DasRunzen the Conjurer (level 2, -2/22 HPs)
             Began as a Demigod Conjurer on Feb 8, 2021.
             Slain by a hobgoblin
             ... wielding a +0 club
              (4 damage)
             ... on level 2 of the Dungeon.
             The game lasted 00:01:57 (735 turns).

DasRunzen the Conjurer (Demigod Conjurer)            Turns: 735, Time: 00:01:58

Health: -2/22      AC:  2    Str: 10    XL:     2   Next: 63%
Magic:  0/7        EV: 12    Int: 22    God:
Gold:   74         SH:  0    Dex: 14    Spells: 2/5 levels left

rFire    . . .     SeeInvis .   (no weapon)
rCold    . . .     Faith    .   (no shield)
rNeg     . . .     Spirit   .   a - +0 robe
rPois    .         Reflect  .   (no helmet)
rElec    .         Harm     .   (no cloak)
rCorr    .         Rampage  .   (no gloves)
Will     .....                  (no boots)
Stlth    ++........             (no amulet)
HPRegen  0.07/turn              (no ring)
MPRegen  0.10/turn              (no ring)

@: no status effects
A: high mp 1
a: no special abilities


You were on level 2 of the Dungeon.
You visited 1 branch of the dungeon, and saw 2 of its levels.

You collected 74 gold pieces.

Inventory:

Armour
 a - a +0 robe (worn)
Scrolls
 d - a scroll of teleportation {unknown}
Potions
 b - a potion of might {unknown}
 c - a potion of brilliance {unknown}


   Skills:
 + Level 0.8 Fighting
 + Level 0.7 Armour
 + Level 2.1 Dodging
 - Level 1.7 Stealth
 + Level 2.0 Spellcasting
 + Level 3.8 Conjurations


You had 2 spell levels left.
You knew the following spells:

 Your Spells              Type           Power        Failure   Level
a - Magic Dart            Conj           76%          3%          1
b - Searing Ray           Conj           38%          4%          2

Your spell library contained the following spells:

 Spells                   Type           Power        Failure   Level
 Dazzling Flash           Conj/Hex       20%          19%         3
 Fulminant Prism          Conj/Hex       5%           52%         4
 Iskenderun's Mystic Bla  Conj/Tloc      10%          52%         4


Dungeon Overview and Level Annotations

Branches:
Dungeon (1/15)


Innate Abilities, Weirdness & Mutations

You have an increased reservoir of magic. (+10% MP)


Message History

A rat and a hobgoblin come into view.
Found a stone staircase leading down.
The hobgoblin shouts!
You hear a shout!
You barely miss the hobgoblin. The hobgoblin closely misses you.
You hit the hobgoblin but do no damage.
The hobgoblin hits you but does no damage.
You hit the hobgoblin but do no damage. The hobgoblin misses you.
You barely miss the hobgoblin.
The hobgoblin hits you but does no damage.
The hobgoblin closely misses you.
Casting: Magic Dart (safe; 3% risk of failure)
Confirm with . or Enter, or press ? or * to list all spells.
Aiming: Magic Dart (safe; 3% risk of failure)
Press: ? - help, Shift-Dir - straight line, f - hobgoblin
Aim: a hobgoblin, wielding a +0 club (0% to evade)
The magic dart hits the hobgoblin.
The hobgoblin is almost dead.
The hobgoblin hits you but does no damage.
The hobgoblin hits you with a +0 club.
You die...

.##........#####.####...)..#
..........# #..# #.##[...
#.#..#...######.# #.###(..
###............# .. ..# ##.#
.......).#...#......... #..
##....g.#.#........... ###
#.................... #
#......##g###........
...####......##@# ...
........#######g# ..
.######.w..)###r###...
#####........gr..
#####.#.#.... .....# ##
.....# #.....# #..>..#


You could see 2 hobgoblins and a rat.

Vanquished Creatures
  A leopard gecko (D:2)
  5 goblins
  3 hobgoblins (D:1)
  2 ball pythons
  2 bats (D:1)
  A frilled lizard (D:1)
  5 kobolds
  5 rats
24 creatures vanquished.

Notes
Turn   | Place    | Note
-------+----------+-------------------------------------------
     0 | D:1      | DasRunzen the Demigod Conjurer began the quest for the Orb.
     0 | D:1      | Reached XP level 1. HP: 14/14 MP: 5/5
   294 | D:1      | Reached XP level 2. HP: 22/22 MP: 1/7
   297 | D:1      | Learned a level 2 spell: Searing Ray
   626 | D:1      | You fall into a shaft and drop 1 floor!
   723 | D:2      | HP: 1/22 [goblin/+0 club (3)]
   735 | D:2      | Slain by a hobgoblin

Illustrated notes

Levels and vault maps discovered:
D:1:      minmay_arrival_four_circles, layout_basic
D:2:      layout_rooms, nemelex_altar_shiori

Skill      XL: |  1  2 |
---------------+-------+-----
Dodging        | 2 |  2.1
Spellcasting   | 2 |  2.0
Fighting       | |  0.8
Armour         | |  0.7
Stealth        | |  1.7
Conjurations   | |  3.8

Action                   || total
-------------------------++-------
Melee: Unarmed           ||     5
 Cast: Magic Dart        ||    45
Armor: Robe              ||     2
Dodge: Dodged            ||    12
